 Dungeon Crawl Stone Soup version 0.27-a0-869-g165b36e3f0 (webtiles) character file.

Game seed: 7885153259027440687

97 robertstho the Magician (level 4, -3/32 HPs)
             Began as a Djinni Ice Elementalist on Apr 2, 2021.
             Slain by Sigmund
             ... wielding a +0 scythe
              (7 damage)
             ... on level 3 of the Dungeon.
             The game lasted 00:04:58 (3343 turns).

robertstho the Magician (Djinni Ice Elementalist)   Turns: 3343, Time: 00:04:59

Health: -3/32      AC:  9    Str:  7    XL:     4   Next: 68%
Gold:   89         EV: 12    Int: 17    God:
                   SH:  0    Dex: 14

rFire    + + .     SeeInvis .   l - +0 long sword (vamp)
rCold    x . .     Faith    .   (no shield)
rNeg     . . .     Spirit   .   a - +0 robe
rPois    ∞         Reflect  .   h - +0 helmet
rElec    .         Harm     .   (no cloak)
rCorr    .         Rampage  .   (no gloves)
Will     .....                  (boots unavailable)
Stlth    ++........             (no amulet)
HPRegen  0.10/turn              (no ring)
MPRegen  0.00/turn              (no ring)

@: ice-armoured, frozen ramparts, flying
A: fire resistance 2, cold vulnerability 1, float, innate caster, hp casting,
extra vitality 1
a: no special abilities


You were on level 3 of the Dungeon.
You visited 1 branch of the dungeon, and saw 3 of its levels.

You collected 89 gold pieces.

Inventory:

Hand Weapons
 d - a +0 dagger
 l - a +0 vampiric long sword (weapon)
Armour
 a - a +0 robe (worn)
 h - a +0 helmet (worn)
Potions
 b - a potion of heal wounds {unknown}
 e - a potion of cancellation {unknown}
 g - a potion of lignification {unknown}
 j - a potion of curing
 k - a potion of berserk rage {unknown}
 m - 2 potions of degeneration {unknown}


   Skills:
 * Level 1.5 Fighting
 + Level 0.1 Short Blades
 + Level 2.3 Dodging
 + Level 1.6 Stealth
 * Level 4.7 Spellcasting


You couldn't memorise any spells.
You knew the following spells:

 Your Spells              Type           Power      Damage    Failure   Level
a - Freeze                Ice            80%        1d9       1%          1
b - Frozen Ramparts       Ice            40%        1d6       6%          3
c - Ozocubu's Armour      Ice            20%        N/A       6%          3
d - Hailstorm             Conj/Ice       20%        3d6       21%         4
e - Summon Ice Beast      Ice/Summ       20%        N/A       21%         4
f - Summon Small Mammal   Summ           80%        N/A       1%          1
Your spell library was empty.

Dungeon Overview and Level Annotations

Branches:
Dungeon (3/15)

Altars:
Makhleb

Annotations:
D:3 Sigmund


Innate Abilities, Weirdness & Mutations

You are immune to poison.
Your flesh is very heat resistant. (rF++)
You are vulnerable to cold. (rC-)
You float through the air rather than walking.
You learn spells naturally, not from books.
Your magical power is your life essence.
You have superior vitality. (+4 HP)


Message History

Press: ? - help, Dir - look around, f - activate The walls around you are covered in ice.
Sigmund resists.
The wall freezes Sigmund.
Sigmund misses you.
Unknown command.
Casting: Frozen Ramparts (dangerous; 6% risk of failure)
Confirm with . or Enter, or press ? or * to list all spells.
A film of ice covers your body!
Sigmund resists.
The wall freezes Sigmund.
Sigmund casts a spell at you.
You are confused.
Unknown command.
You feel better.
Sigmund resists.
The wall freezes Sigmund.
Sigmund barely misses you.
Casting: Ozocubu's Armour (dangerous; 6% risk of failure)
Confirm with . or Enter, or press ? or * to list all spells.
Aiming: Freeze (safe; 1% risk of failure)
Press: ? - help, Shift-Dir - straight line, f - Sigmund
Aim: Sigmund, wielding a +0 scythe and wearing a +2 robe of cold resistance (moderately wounded)
You freeze Sigmund.
Sigmund resists.
Sigmund is moderately wounded.
Sigmund completely resists.
The wall freezes Sigmund but does no damage.
Sigmund barely misses you.
Casting: Freeze (safe; 1% risk of failure)
Confirm with . or Enter, or press ? or * to list all spells.
Aiming: Freeze (safe; 1% risk of failure)
Press: ? - help, Shift-Dir - straight line, f/p - Sigmund
Aim: Sigmund, wielding a +0 scythe and wearing a +2 robe of cold resistance (moderately wounded)
You freeze Sigmund.
Sigmund resists.
Sigmund is moderately wounded.
Sigmund resists.
The wall freezes Sigmund.
Sigmund hits you with a +0 scythe!
* * * LOW HITPOINT WARNING * * *
Casting: Freeze (safe; 1% risk of failure)
Confirm with . or Enter, or press ? or * to list all spells.
Aiming: Freeze (safe; 1% risk of failure)
Press: ? - help, Shift-Dir - straight line, f/p - Sigmund
Aim: Sigmund, wielding a +0 scythe and wearing a +2 robe of cold resistance (heavily wounded)
You freeze Sigmund but do no damage.
Sigmund completely resists.
* * * LOW HITPOINT WARNING * * *
Sigmund resists.
The wall freezes Sigmund.
Sigmund hits you with a +0 scythe!
You die...

.# ...##.. ...
.....## ...
#....# .P.
#.###....##....
#..)...<..>....
#..........!...
#..............
##.........##...
#.....@.........
♣.....(@......#
.
..#.###....[.##
♣ #. ##...#.# .
........ .
###.### .. ##


You could see Sigmund.

Vanquished Creatures
  An iguana (D:2)
  Robin (D:1)
  2 worms (D:2)
  4 ball pythons
  3 endoplasms
  A giant cockroach (D:1)
  13 goblins (D:1)
  5 hobgoblins
  6 jackals (D:1)
  A quokka (D:1)
  A bat (D:2)
  5 frilled lizards
  4 kobolds
  3 rats
50 creatures vanquished.

Notes
Turn   | Place    | Note
-------+----------+-------------------------------------------
     0 | D:1      | robertstho the Djinni Ice Elementalist began the quest for
                  | the Orb.
     0 | D:1      | Reached XP level 1. HP: 15/15 MP: 0/0
   148 | D:1      | Reached XP level 2. HP: 11/22 MP: 0/0
   516 | D:1      | Reached skill level 4 in Spellcasting
   664 | D:1      | Reached skill level 1 in Fighting
  1112 | D:1      | Reached XP level 3. HP: 27/27 MP: 0/0
  1112 | D:1      | Learned a level 1 spell: Summon Small Mammal
  1487 | D:2      | Found a burning altar of Makhleb.
  1553 | D:2      | Noticed Robin
  2155 | D:1      | Killed Robin
  2247 | D:2      | Reached XP level 4. HP: 11/32 MP: 0/0
  2583 | D:2      | Found a faded altar of an unknown god.
  3332 | D:3      | Noticed Sigmund
  3343 | D:3      | Slain by Sigmund

Illustrated notes

Levels and vault maps discovered:
D:1:      matt_arrival_grand_opening, layout_loops_ring
D:2:      layout_rooms, basic_altar, basic_ecumenical_altar, dk_noncrumbling_3,
          uniq_robin
D:3:      layout_rooms, nicolae_ru_sacrificial_ziggurat, serial_forest,
          infiniplex_forest_clump_double, infiniplex_forest_lined_2,
          infiniplex_forest_straight_4, infiniplex_forest_clump_large,
          infiniplex_forest_clump_small, infiniplex_forest_clump_curved,
          infiniplex_forest_join, uniq_sigmund

Skill      XL: |  1  2 |
---------------+-------+-----
Spellcasting   | 4 |  4.7
Fighting       | 1 |  1.5
Short Blades   | |  0.1
Dodging        | |  2.3
Stealth        | |  1.6

Action                   |  1- 3 |  4- 6 || total
-------------------------+-------+-------++-------
Melee: Dagger            |    24 |     3 ||    27
       Long sword        |       |    10 ||    10
 Cast: Freeze            |    39 |     7 ||    46
       Frozen Ramparts   |     4 |     5 ||     9
       Ozocubu's Armour  |       |     1 ||     1
  Use: Scroll            |       |     3 ||     3
       Potion            |       |     2 ||     2
 Stab: Sleeping          |     3 |     1 ||     4
Armor: Robe              |    12 |     1 ||    13
Dodge: Dodged            |    33 |    10 ||    43
       Rpst.: Long sword |       |     4 ||     4

Table legend: (Time is in decaauts)
 A = Elapsed time spent in this place.
 B = Non-inter-level travel time spent in this place.
 C = Inter-level travel time spent in this place.
 D = Time resting spent in this place.
 E = Time spent auto-exploring this place.
 F = Levels seen in this place.
 G = Mean time per level.
                   A        B        C        D        E       F      G
               +--------+--------+--------+--------+--------+-----+--------+
         Total |   3351 |   3252 |     99 |   1229 |   1729 |   3 | 1117.0 |
       Dungeon |   3351 |   3252 |     99 |   1229 |   1729 |   3 | 1117.0 |
               +--------+--------+--------+--------+--------+-----+--------+

Top non-repeatable levels by time:
     D:1: 2222 daAuts
     D:2: 1118 daAuts
     D:3: 10 daAuts
